 Dungeon Sprint DCSS version 0.22-a0-423-g4197694 (webtiles) character file.

125 Kidiri the Sneak (level 4, -9/34 HPs)
             Began as a Spriggan Enchanter on May 23, 2018.
             Mangled by a neqoxec (12 damage)
             ... in the Dungeon (Sprint II: "The Violet Keep of Menkaure").
             The game lasted 00:00:38 (19 turns).

Kidiri the Sneak (Spriggan Enchanter)                 Turns: 19, Time: 00:00:38

Health: -9/34      AC:  2    Str:  9      XL:     4   Next: 82%
Magic:  5/11       EV: 21    Int: 16      God:
Gold:   0          SH:  0    Dex: 14 (15) Spells: 13/14 levels left

rFire    . . .     SeeInvis +   a - +1 dagger
rCold    . . .     Gourm    .   (shield restricted)
rNeg     . . .     Faith    .   b - +0 robe
rPois    .         Spirit   .   (helmet restricted)
rElec    .         Reflect  .   (no cloak)
rCorr    .         Harm     .   (gloves unavailable)
MR       .....     NoTele   +   (boots unavailable)
Stlth    ..........             (no amulet)
HPRegen  0.11/turn              (no ring)
MPRegen  0.12/turn              (no ring)

@: berserking (expiring), very quick
A: very small, unfitting armour, see invisible, clumsy 1, deterioration 1,
herbivore, speed 3, low mp 1, slow metabolism 2
a: no special abilities


You were in the Dungeon.
You were not hungry.

You visited 1 branch

Inventory:

Hand Weapons
 a - a +1 dagger (weapon)
Armour
 b - a +0 robe (worn)
Scrolls
 j - a scroll of blinking
Potions
 e - a potion of curing
 f - a potion of heal wounds
 g - a potion of haste
 h - 2 potions of magic
Comestibles
 d - a ration


   Skills:
 + Level 2.1 Fighting
 * Level 4.4 Short Blades
 + Level 1.9 Armour
 * Level 6.6 Dodging
 * Level 7.7 Stealth
 * Level 5.5 Spellcasting
 + Level 5.0 Hexes


You had 13 spell levels left.
You knew the following spells:

 Your Spells              Type           Power        Failure   Level  Hunger
a - Corona                Hex            ###....      1%          1    None

Your spell library contained the following spells:

 Spells                   Type           Power        Failure   Level  Hunger
 Confuse                  Hex            ###.....     5%          3    ###....
 Tukima's Dance           Hex            ###.....     5%          3    ###....
 Ensorcelled Hibernation  Hex/Ice        ##....       8%          2    #......
 Dazzling Spray           Conj/Hex       ##....       16%         3    ###....


Dungeon Overview and Level Annotations

Branches:
Dungeon (1/1)

Altars:


Innate Abilities, Weirdness & Mutations

You are very small and have problems with some larger weapons.
You are too small for most types of armour.
You have supernaturally acute eyesight. (SInv)
You are a herbivore.
You cover ground extremely quickly.
You need to consume almost no food.
You are clumsy. (Dex -2)
Your body sometimes deteriorates upon taking damage.
Your magical capacity is low. (-10% MP)


Message History

The crimson imp puffs mist at you.
The crimson imp blinks!
The neqoxec gestures at you.
Strange energies course through your body.
You feel yourself wasting away. The ufetubus hits you.
* * * LOW HITPOINT WARNING * * *
The ufetubus closely misses you. The ufetubus misses you. x2
Unknown command.
You barely miss the neqoxec.
The neqoxec is moderately wounded.
The ufetubus disappears in a puff of smoke!
The quasit completely misses you. The quasit claws you.
* * * LOW HITPOINT WARNING * * *
The quasit barely misses you.
You hit the neqoxec.
The neqoxec is heavily wounded.
The ufetubus misses you. The ufetubus closely misses you.
The ufetubus barely misses you. x2; The neqoxec hits you!
You die... ## ### 5##5ยง 335 #3# ##@## +555+ ##.## #+#

You could see 3 neqoxecs, an iron imp, a quasit, 2 crimson imps and 2 ufetubi.

Vanquished Creatures
  A neqoxec (D)
1 creature vanquished.

Vanquished Creatures (others)
  A crocodile (D)
1 creature vanquished.

Grand Total: 2 creatures vanquished

Notes
Turn   | Place    | Note
-------+----------+-------------------------------------------
     0 | D        | Kidiri the Spriggan Enchanter began the quest for the Orb.
     0 | D        | Reached XP level 1. HP: 9/9 MP: 5/5
     1 | D        | Noticed a neqoxec
     1 | D        | Noticed a neqoxec
     1 | D        | Noticed a neqoxec
     1 | D        | Noticed a neqoxec
     4 | D        | Noticed a crimson imp
     4 | D        | Noticed a crimson imp
     7 | D        | Gained mutation: Your magical capacity is low. (-10% MP) [a neqoxec]
    10 | D        | Noticed a crimson imp
    10 | D        | Noticed an iron imp
    10 | D        | Killed a crocodile
    12 | D        | Killed a neqoxec
    12 | D        | Reached skill level 1 in Armour
    12 | D        | Reached skill level 7 in Stealth
    12 | D        | Reached skill level 5 in Spellcasting
    12 | D        | Reached skill level 5 in Hexes
    12 | D        | Reached XP level 2. HP: 7/15 MP: 4/8
    12 | D        | Reached XP level 3. HP: 8/18 MP: 5/10
    12 | D        | Reached XP level 4. HP: 11/23 MP: 5/11
    15 | D        | Gained mutation: You are clumsy. (Dex -2) [a neqoxec]
    17 | D        | Gained mutation: Your body sometimes deteriorates upon taking damage. [a neqoxec]
    19 | D        | Mangled by a neqoxec

Vault maps used:
D:        the_violet_keep_of_menkaure

Skill      XL: |  1 |
---------------+----+-----
Fighting       | 2 |  2.1
Short Blades   | 4 |  4.4
Armour         | 1 |  1.9
Dodging        | 6 |  6.6
Stealth        | 7 |  7.7
Spellcasting   | 5 |  5.5
Hexes          | 5 |  5.0

Action                   |  1- 3 |  4- 6 || total
-------------------------+-------+-------++-------
Melee: Dagger            |    10 |     7 ||    17
  Use: Potion            |     1 |       ||     1
Armor: Robe              |       |     1 ||     1
Dodge: Dodged            |     5 |    19 ||    24

Table legend:
 A = Spawn XP
 B = Non-spawn XP
 C = Spawn XP percentage of total XP
 D = Spawn monster count
 E = Non-spawn monster count
 F = Spawn count percentage of total count
 G = Total turns spent on level
                    A         B        C        D         E        F      G
               +---------+---------+-------+---------+---------+-------+---------
         Total |       0 |     179 |   0.0 |       0 |       1 |   0.0 |    19
               +---------+---------+-------+---------+---------+-------+---------
             D |       0 |     179 |   0.0 |       0 |       1 |   0.0 |    19
               +---------+---------+-------+---------+---------+-------+---------
